 Dungeon Crawl Stone Soup version 0.18.1-50-g88ac8fd (webtiles) character file.

77 Gargoyl the Skirmisher (level 4, 0/36 HPs)
             Began as a Demonspawn Abyssal Knight on Sept 23, 2016.
             Was a Believer of Lugonu.
             Succumbed to an adder's poison
             ... on level 3 of the Dungeon.
             The game lasted 00:03:40 (2100 turns).

Gargoyl the Skirmisher (Demonspawn Abyssal Knight)  Turns: 2100, Time: 00:03:41

Health: 0/36       AC:  8    Str: 14    XL:     4   Next: 13%
Magic:  6/6        EV: 11    Int: 13    God:    Lugonu [**....]
Gold:   132        SH:  0    Dex: 11    Spells: 0 memorised, 3 levels left

rFire  . . .     SeeInvis .     a - +1 hand axe
rCold  . . .     Gourm    .     b - +0 leather armour
rNeg   . . .     Faith    +     (no shield)
rPois  .         Spirit   +     (no helmet)
rElec  .         Dismiss  .     (no cloak)
rCorr  .         Reflect  .     d - +0 pair of gloves
SustAt .         Harm     .     (no boots)
MR     .....                    i - amulet of faith
Stlth  +.........               (no ring)
                                (no ring)

@: lethally poisoned (0 -> -3), flying, very slightly contaminated, hasted,
invisible, very quick, not resistant to hostile enchantments, very unstealthy
A: rough black scales 1, magic shield
a: Depart the Abyss, Bend Space, Renounce Religion


You were on level 3 of the Dungeon.
You worshipped Lugonu.
Lugonu was pleased with you.
You were not hungry.

You visited 1 branch of the dungeon, and saw 3 of its levels.
You visited the Abyss 1 time.

You collected 132 gold pieces.

Inventory:

Hand Weapons
 a - a +1 hand axe (weapon)
 m - a +0 spear of venom
Armour
 b - a +0 leather armour (worn)
 d - a +0 pair of gloves (worn)
Jewellery
 h - a cursed ring of teleportation {unknown}
 i - an amulet of faith (around neck)
Scrolls
 f - a scroll of amnesia
Potions
 e - a potion of flight
Comestibles
 c - a bread ration
 g - a meat ration
 k - a royal jelly
 n - a chunk of flesh


   Skills:
 + Level 3.6 Fighting
 + Level 2.0 Axes
 * Level 2.4 Armour
 + Level 1.9 Dodging
 * Level 3.2 Invocations


You had 3 spell levels left.
You didn't know any spells.

Dungeon Overview and Level Annotations

Branches:
Dungeon (3/15)

Altars:


Innate Abilities, Weirdness & Mutations

You are partially covered in rough black scales (AC +4, Dex -1).
When hurt, damage is shared between your health and your magic reserves.


Message History

w - Wait here. f - Follow me.
Anything else - Stay silent.
Okay, then.
What do you say? t - Shout!
Orders for allies: a - Attack new target. r - Retreat! s - Stop attacking. w - Wait here. f - Follow me.
Anything else - Stay silent.
You shout for attention!
What do you say? t - Shout!
Orders for allies: a - Attack new target. r - Retreat! s - Stop attacking. w - Wait here. f - Follow me.
Anything else - Stay silent.
Okay, then.
* * * LOW HITPOINT WARNING * * *
You feel sick.
You die...

## #. .## ... #. ..#
..... #.
#####.###...... #.
#.............. #.
#.............. #.
#.............. #.
#...@......... #.
#..........# #.
#..........# #.
#..........#########.
#....................
#........†.#.#####.#.
#........%.#.#####.#.
#######....?.†.......
#.#..#######.#.


There were no monsters in sight!

Vanquished Creatures
  3 adders
  An ooze (D:2)
  2 worms
  4 dart slugs
  A giant gecko (D:1)
  4 giant cockroaches
  2 goblins (D:1)
  3 jackals (D:2)
  3 kobolds
  5 bats
  5 rats
33 creatures vanquished.

Notes
Turn   | Place    | Note
--------------------------------------------------------------
     0 | Abyss:1  | Gargoyl the Demonspawn Abyssal Knight began the quest for the Orb.
     0 | Abyss:1  | Reached XP level 1. HP: 18/18 MP: 2/2
    57 | Abyss:1  | Noticed a balrug
    57 | Abyss:1  | Noticed a neqoxec
    58 | D:1      | Escaped the Abyss
    62 | D:1      | Noticed an electric eel
    62 | D:1      | Noticed an electric eel
   187 | D:1      | Reached * piety under Lugonu
   187 | D:1      | Reached skill level 1 in Dodging
   211 | D:1      | Gained mutation: You are partially covered in rough black scales (AC +4, Dex -1). [demonic ancestry]
   211 | D:1      | Reached XP level 2. HP: 21/24 MP: 3/3
   819 | D:2      | Reached XP level 3. HP: 21/29 MP: 5/5
  1901 | D:3      | Reached ** piety under Lugonu
  2091 | D:3      | Gained mutation: When hurt, damage is shared between your health and your magic reserves. [demonic ancestry]
  2091 | D:3      | Reached XP level 4. HP: 3/36 MP: 6/6
  2096 | D:3      | HP: 1/36 [poisoned by an adder]
  2100 | D:3      | Succumbed to an adder's poison

Skill      XL: |  1  2  3 |
---------------+----------+-----
Armour         | 2 |  2.4
Dodging        | 1 |  1.9
Invocations    | 3 |  3.2
Axes           | 2 |  2.0
Fighting       | |  3.6

Action                   |  1- 3 |  4- 6 || total
-------------------------+-------+-------++-------
Melee: Hand axe          |   166 |       ||   166
Invok: Depart the Abyss  |     1 |       ||     1
  Use: Scroll            |     5 |       ||     5
       Potion            |     3 |       ||     3
 Stab: Distracted        |     1 |       ||     1
       Invisible         |     1 |       ||     1
  Eat: Chunk             |     4 |       ||     4
Armor: Leather armour    |    82 |       ||    82
Dodge: Dodged            |   131 |       ||   131
